AoeStats
← from-the-river-to-the-sea

Arabia

510736394Analyzed
1v1 RM · 13h ago on Oct 2, 2026· 78m 53s· 2 players
Game mode
Random Map
Map size
Tiny (2 player)
Population
200
Speed
Normal
Resources
Standard
Victory
Conquest
Starting age
Dark Age
Ending age
Imperial Age
RankedLock teamsTeams togetherTeam positionsShared explorationLock speedFull tech treeHidden civsTurbo modeCheats
Victory
Defeat
🇩🇪 Mongols · Germany
1055
+15
1036
-15
from-the-river-to-the-sea
9:27 Feudal Age
10:40 Man-at-Arms
12:43 Double-Bit Axe
12:40 Horse Collar
12:51 Gold Mining
13:24 Loom
18:21 Castle Age
18:53 Padded Archer Armor
18:44 Fletching
18:57 Scale Mail Armor
18:51 Fletching
20:20 Padded Archer Armor
20:49 Town Watch
24:43 Elite Skirmisher
26:50 Wheelbarrow
27:34 Hand Cart
28:23 Heavy Plow
28:37 Bow Saw
29:16 Thumb Ring
31:28 Ballistics
30:34 Crossbowman
34:18 Imperial Age
32:27 Stone Mining
34:29 Bodkin Arrow
34:49 Leather Archer Armor
34:43 Scale Barding Armor
34:49 Forging
36:24 Stone Shaft Mining
37:02 Chemistry
36:08 Siege Engineers
36:16 Masonry
36:12 Arbalester
37:29 Guard Tower
37:25 Arrowslits
38:25 Bloodlines
38:15 Husbandry
39:36 Bracer
40:06 Ring Archer Armor
41:19 Two-Man Saw
41:33 Paper Money
41:32 Light Cavalry
45:34 Chain Barding Armor
45:50 Iron Casting
47:12 Elite Battle Elephant
48:41 Imperial Skirmisher
50:46 Chatras
51:28 Keep
50:59 Siege Engineers
50:50 Murder Holes
50:36 Treadmill Crane
53:26 Bombard Tower
61:31 Squires
60:52 Pikeman
63:21 Guilds
66:31 Halberdier
71:17 Plate Barding Armor
Cełine
9:34 Feudal Age
11:42 Loom
16:52 Castle Age
15:50 Double-Bit Axe
16:10 Stone Mining
23:35 Fletching
25:24 Padded Archer Armor
27:54 Bodkin Arrow
28:42 Town Watch
29:49 Wheelbarrow
31:00 Bow Saw
30:33 Horse Collar
30:49 Gold Mining
35:11 Imperial Age
33:03 Nomads
34:10 Ballistics
34:45 Bloodlines
34:35 Husbandry
36:07 Gold Shaft Mining
36:13 Drill
35:19 Onager
36:56 Siege Engineers
37:52 Chemistry
38:05 Hand Cart
37:50 Town Patrol
39:02 Heavy Plow
38:58 Elite Mangudai
40:02 Conscription
40:41 Bracer
40:57 Leather Archer Armor
40:33 Siege Onager
47:26 Light Cavalry
48:33 Forging
48:29 Scale Barding Armor
49:32 Hussar
50:36 Chain Barding Armor
50:52 Iron Casting
58:24 Pikeman
59:04 Squires
58:50 Arson
60:00 Scale Mail Armor
61:00 Blast Furnace
Connection lost

Rejoining the realm…

Still unreachable

The connection could not be restored.

Session expired

The server has moved on; the page needs a fresh start.